 Dungeon Crawl Stone Soup version 0.21-a0-364-gbd1fde4 (webtiles) character file.

302 Oki the Ruffian (level 6, -5/42 HPs)
             Began as an Octopode Fighter on Oct 14, 2017.
             Shot with a bolt by a big kobold (13 damage)
             ... in a sewer.
             The game lasted 00:03:31 (2754 turns).

Oki the Ruffian (Octopode Fighter)                  Turns: 2754, Time: 00:03:32

Health: -5/42      AC:  1    Str: 16    XL:     6   Next: 37%
Magic:  6/6        EV: 11    Int: 12    God:
Gold:   56         SH:  8    Dex: 11    Spells: 5/5 levels left

rFire    . . .     SeeInvis .   l - +1 dagger (drain)
rCold    . . .     Gourm    .   a - +0 shield
rNeg     . . .     Faith    .   (helmet restricted)
rPois    .         Spirit   .   g - amulet of harm
rElec    .         Reflect  .   (no ring)
rCorr    .         Harm     +   (no ring)
MR       .....                  (no ring)
Stlth    +++.......             (no ring)
HPRegen  0.14/turn              (no ring)
MPRegen  0.10/turn              (no ring)
                                (no ring)
                                (no ring)

@: drained
A: almost no armour, stealthy swim, amphibious, 8 rings, constrict 8, camouflage
1, gelatinous body 1
a: no special abilities


You were in a sewer.
You were not hungry.

You visited 1 branch of the dungeon, and saw 3 of its levels.
You also visited: Sewer.

You collected 56 gold pieces.

Inventory:

Hand Weapons
 l - a +1 dagger of draining (weapon)
Armour
 a - a +0 shield (worn)
Jewellery
 g - an amulet of harm (around mantle)
Scrolls
 b - a scroll of enchant weapon {unknown}
 d - a scroll of noise {unknown}
 h - a scroll of remove curse {unknown}
 k - a scroll of blinking {unknown}
 m - a scroll of identify {unknown}
 n - a scroll of magic mapping {unknown}
Potions
 e - 3 potions of curing {unknown}
 f - 2 potions of degeneration {unknown}
 i - a potion of cancellation {unknown}
 j - a potion of agility {unknown}
 o - a potion of lignification {unknown}
Comestibles
 c - 2 bread rations


   Skills:
 - Level 3.0(2.8) Fighting
 - Level 3.0(2.8) Dodging
 - Level 3.0(2.8) Shields
 + Level 6.5(6.4) Unarmed Combat


You had 5 spell levels left.
You didn't know any spells.

Dungeon Overview and Level Annotations

Branches:
Dungeon (3/15)

Altars:


Innate Abilities, Weirdness & Mutations

You cannot wear most types of armour.
You are very stealthy in the water. (Stealth+)
You are amphibious.
You can wear up to eight rings at the same time.
You can use your tentacles to constrict eight enemies at once.
Your skin changes colour to match your surroundings (Stealth+).
Your rubbery body absorbs attacks. (AC +1, EV +1)


Message History

You constrict the big kobold. The big kobold closely misses you.
The kobold hits you. x2; You block the kobold's attack.
The big kobold closely misses you.
Your shield prevents you from hitting the kobold.
Your grab misses the kobold. You constrict the big kobold.
The kobold barely misses you. The big kobold barely misses you.
The kobold closely misses you. x2
You release your grip on the big kobold.
The big kobold wields an uncursed hand crossbow.
The big kobold shoots a bolt.
The bolt hits you.
* * * LOW HITPOINT WARNING * * *
You hear a splash.
The kobold throws a stone.
You block the stone.
You hear a splash.
The kobold throws a stone.
The stone hits you but does no damage.
You hear a splash.
Things that are here:
a bolt; 3 stones The big kobold shoots a bolt.
The bolt hits you!
You die...

### #∩# ############ ##
###.###.≈≈.(..≈..##.##
######.....≈...≈≈≈≈≈..#...#.#
#≈≈≈≈≈≈≈≈≈≈≈≈≈≈≈≈≈≈(≈≈#.....#
≈≈≈≈≈≈≈≈≈≈≈≈≈≈≈≈≈≈≈≈≈(Kh....#
≈≈≈≈≈≈≈≈≈≈≈≈≈≈≈≈@≈≈≈≈K#.....#
######.....≈.≈≈≈≈≈≈≈≈≈#..≈..#
#######.≈.≈≈.≈≈..#.≈≈≈.#
##≈#########..≈.## #≈# #..##
#≈# ### #≈# #≈# #≈#


You could see a big kobold, a jackal and a kobold.

Vanquished Creatures
  Sigmund (D:2)
  An orc wizard (D:2)
  An adder (D:3)
  4 gnolls
  An ooze (D:3)
  2 dart slugs (D:1)
  A leopard gecko (D:2)
  2 orcs
  4 giant cockroaches
  5 goblins
  5 hobgoblins
  4 jackals (D:1)
  6 kobolds
  A quokka (D:2)
  2 ball pythons
  7 bats
  9 frilled lizards
  12 rats
68 creatures vanquished.

Notes
Turn   | Place    | Note
-------+----------+-------------------------------------------
     0 | D:1      | Oki the Octopode Fighter began the quest for the Orb.
     0 | D:1      | Reached XP level 1. HP: 16/16 MP: 1/1
   195 | D:1      | Reached XP level 2. HP: 20/21 MP: 2/2
   216 | D:1      | Reached skill level 3 in Unarmed Combat
   716 | D:1      | Reached XP level 3. HP: 26/26 MP: 3/3
  1592 | D:1      | Reached skill level 4 in Unarmed Combat
  1599 | D:2      | Reached XP level 4. HP: 14/31 MP: 4/4
  1966 | D:2      | Noticed Sigmund
  1969 | D:2      | Killed Sigmund
  1969 | D:2      | Reached skill level 6 in Unarmed Combat
  1969 | D:2      | Reached XP level 5. HP: 36/36 MP: 5/5
  1969 | D:2      | Reached XP level 6. HP: 42/42 MP: 6/6
  2417 | D:3      | Found a glowing drain.
  2432 | Sewer    | Entered a sewer
  2754 | Sewer    | Shot with a bolt by a big kobold

Vault maps used:
D:1:      dpeg_arrival_water_fire
D:2:      uniq_sigmund
D:3:      portal_sewer_entry_a
Sewer:    sewer_kobolds

Skill      XL: |  1  2  3  4 |
---------------+-------------+-----
Unarmed Combat | 3 4 6 |  6.5
Fighting       | |  3.0
Dodging        | |  3.0
Shields        | |  3.0

Action                   |  1- 3 |  4- 6 || total
-------------------------+-------+-------++-------
Melee: Unarmed           |    88 |    31 ||   119
       Constrict         |    33 |    10 ||    43
       Tentacles         |    19 |    11 ||    30
       Punch             |     2 |     2 ||     4
       Dagger            |       |    21 ||    21
  Use: Potion            |       |     1 ||     1
 Stab: Sleeping          |     1 |     1 ||     2
  Eat: Chunk             |     2 |     4 ||     6
Armor: Skin              |    17 |     5 ||    22
Dodge: Dodged            |    60 |    44 ||   104
Block: Shield            |    55 |    36 ||    91

Table legend:
 A = Spawn XP
 B = Non-spawn XP
 C = Spawn XP percentage of total XP
 D = Spawn monster count
 E = Non-spawn monster count
 F = Spawn count percentage of total count
 G = Total turns spent on level
                    A         B        C        D         E        F      G
               +---------+---------+-------+---------+---------+-------+---------
         Total |       0 |     432 |   0.0 |       0 |      68 |   0.0 |  2754
               +---------+---------+-------+---------+---------+-------+---------
           D:1 |       0 |      61 |   0.0 |       0 |      31 |   0.0 |  1389
           D:2 |       0 |     337 |   0.0 |       0 |      25 |   0.0 |   966
           D:3 |       0 |      28 |   0.0 |       0 |       7 |   0.0 |    77
         Sewer |       0 |       6 |   0.0 |       0 |       5 |   0.0 |   322
               +---------+---------+-------+---------+---------+-------+---------
